 Dungeon Crawl Stone Soup version 0.31-a0-214-gb37851d (webtiles) character file.

Game seed: 2784970140224650304

136 lyrin the Shooter (level 4, 0/25 HPs)
             Began as a Deep Elf Hexslinger on July 1, 2023.
             Slain by a gnoll
             ... wielding a +0 club
              (6 damage)
             ... on level 2 of the Dungeon.
             The game lasted 00:03:27 (1734 turns).

lyrin the Shooter (Deep Elf Hexslinger)             Turns: 1734, Time: 00:03:27

Health: 0/25       AC:  3    Str:  5    XL:     4   Next: 98%
Magic:  9/9        EV: 13    Int: 18    God:
Gold:   90         SH:  0    Dex: 19    Spells: 6/7 levels left

rFire   . . .        a - +1 sling
rCold   + . .        (no shield)
rNeg    . . .        c - +0 robe
rPois   .            l - +0 helmet
rElec   .            (no cloak)
rCorr   .            (no gloves)
SInv    .            (no boots)
Will    .....        (no amulet)
Stlth   ++           g - ring of protection from cold
HPRegen 0.24/turn    (no ring)
MPRegen 0.11/turn

%: no passive effects
@: no status effects
A: no striking features
a: no special abilities


You were on level 2 of the Dungeon.
You visited 1 branch of the dungeon, and saw 2 of its levels.

You collected 90 gold pieces.

Inventory:

Hand Weapons
 a - a +1 sling (weapon)
 n - a +0 scimitar
Armour
 c - a +0 robe (worn)
 l - a +0 helmet (worn)
Jewellery
 g - a ring of protection from cold (left hand)
Scrolls
 b - a scroll of poison
 e - a scroll of blinking {unknown}
 f - a scroll of vulnerability {unknown}
 h - a scroll of torment
 j - a scroll of acquirement {unknown}
 m - a scroll of immolation {unknown}
 o - a scroll of fear {unknown}
Potions
 d - a potion of brilliance {unknown}
 i - a potion of cancellation
 k - a potion of lignification {unknown}
 p - a potion of attraction {unknown}


   Skills:
 + Level 1.5 Fighting
 + Level 5.8 Ranged Weapons
 + Level 3.1 Dodging
 - Level 2.0 Spellcasting
 * Level 4.1 Hexes


You had 6 spell levels left.
You knew the following spells:

 Your Spells              Type           Power      Damage    Failure   Level
a - Slow                  Hex            64%        N/A       3%          1

Your spell library contained the following spells:

 Spells                   Type           Power      Damage    Failure   Level
 Inner Flame              Hex/Fire       9%         N/A       24%         3
 Portal Projectile        Hex/Tloc       18%        N/A       24%         3
 Cause Fear               Hex            8%         N/A       32%         4
 Animate Dead             Necr           1%         N/A       87%         4
 Flame Wave               Conj/Fire      1%         2d4       87%         4
 Sticky Flame             Conj/Fire      1%         2d3       87%         4
 Haunt                    Necr/Summ      0%         N/A       100%        7
 Infestation              Necr           0%         N/A       100%        8


Dungeon Overview and Level Annotations

Branches:
Dungeon (2/15)

Altars:


Message History

You shoot a sling bullet. The sling bullet hits the gnoll.
The gnoll is severely wounded.
You shoot a sling bullet. The gnoll shouts!
The sling bullet hits the gnoll.
The gnoll is almost dead.
You shoot a sling bullet. The sling bullet hits the gnoll.
You kill the gnoll!
You shoot a sling bullet. The gnoll shouts!
The sling bullet hits the gnoll.
The gnoll is lightly wounded.
The gnoll misses you. The gnoll hits you with a +0 club.
You shoot a sling bullet. The sling bullet hits the gnoll.
The gnoll is heavily wounded.
The gnoll hits you with a +0 club.
You shoot a sling bullet.
The sling bullet barely misses the gnoll.
The sling bullet hits the gnoll!
The gnoll is severely wounded.
The gnoll barely misses you.
You shoot a sling bullet.
The sling bullet barely misses the gnoll.
The gnoll hits you with a +0 club.
The gnoll hits you from afar with a +0 spear.
You shoot a sling bullet.
The sling bullet barely misses the gnoll.
The gnoll closely misses you. The gnoll hits you but does no damage.
Unknown command.
Okay, then.
You aren't carrying any items that you can evoke.
Unknown command.
Okay, then.
As you read the scroll labelled OREOTH WISEP, it crumbles to dust.
Your body is wracked with pain!
The gnoll convulses! x3
It was a scroll of torment.
The gnoll hits you from afar with a +0 spear.
* * * LOW HITPOINT WARNING * * *
The gnoll hits you with a +0 club.
You die...

######## #......#
#......# #......#
#......# #.....@#
#....g.# #......#
########### ###.##g##
#........#. #...g)###
#.........[
###.....###........#.
##.....####..#####.
####.......## #.
##....##### #.


You could see 3 gnolls.

Vanquished Creatures
  A hound (D:1)
  A gnoll (D:2)
  3 adders
  4 dart slugs
  6 bats
  3 endoplasms
  5 giant cockroaches (D:1)
  5 hobgoblins
  11 jackals
  2 quokkas (D:1)
  A ball python (D:1)
  A frilled lizard (D:1)
  5 goblins
  5 kobolds
  7 rats
60 creatures vanquished.

Notes
Turn   | Place    | Note
-------+----------+-------------------------------------------
     0 | D:1      | lyrin the Deep Elf Hexslinger began the quest for the Orb.
     0 | D:1      | Reached XP level 1. HP: 11/11 MP: 5/5
    61 | D:1      | Reached skill level 3 in Ranged Weapons
   109 | D:1      | Reached XP level 2. HP: 16/16 MP: 7/7
   262 | D:1      | Reached skill level 4 in Ranged Weapons
   385 | D:1      | Reached XP level 3. HP: 10/20 MP: 8/8
   390 | D:1      | Reached skill level 1 in Fighting
   832 | D:1      | Reached skill level 5 in Ranged Weapons
   832 | D:1      | Reached XP level 4. HP: 9/25 MP: 6/9
  1734 | D:2      | Slain by a gnoll

Illustrated notes

Levels and vault maps discovered:
D:1:      lemuel_arrival_broad_hall, layout_loops_ring, minmay_box_of_dots
D:2:      layout_rooms

Skill      XL: |  1  2  3  4 |
---------------+-------------+-----
Spellcasting   | 2 |  2.0
Ranged Weapons | 3 4 5 |  5.8
Fighting       | 1 |  1.5
Dodging        | 3 |  3.1
Hexes          | |  4.1

Action                     |  1- 3 |  4- 6 || total
---------------------------+-------+-------++-------
   Fire: Sling             |   107 |    86 ||   193
   Cast: Slow              |     5 |     1 ||     6
    Use: Potion            |     1 |       ||     1
         Scroll            |       |     1 ||     1
 Armour: Robe              |    22 |    31 ||    53
  Dodge: Dodged            |    88 |    74 ||   162

Table legend: (Time is in decaauts)
 A = Elapsed time spent in this place.
 B = Non-inter-level travel time spent in this place.
 C = Inter-level travel time spent in this place.
 D = Time resting spent in this place.
 E = Time spent auto-exploring this place.
 F = Levels seen in this place.
 G = Mean time per level.
                   A        B        C        D        E       F      G
               +--------+--------+--------+--------+--------+-----+--------+
         Total |   1770 |   1693 |     77 |    428 |    853 |   2 |  885.0 |
       Dungeon |   1770 |   1693 |     77 |    428 |    853 |   2 |  885.0 |
               +--------+--------+--------+--------+--------+-----+--------+

Top non-repeatable levels by time:
     D:1: 1344 daAuts
     D:2: 426 daAuts
